 Dungeon Crawl Stone Soup version 0.14.1 (webtiles) character file.

55 Quh the Unweaver (level 2, 0/24 HPs)
             Began as a Demonspawn Abyssal Knight on Apr 30, 2014.
             Was a Follower of Lugonu.
             Slain by an adder (2 damage)
             ... on Level 2 of the Dungeon.
             The game lasted 00:05:52 (1071 turns).

Quh the Unweaver (Demonspawn Abyssal Knight)        Turns: 1071, Time: 00:05:52

HP   0/24        AC  6     Str 12      XL: 2   Next: 79%
MP   3/3         EV  9     Int 13      God: Lugonu [*.....]
Gold 31          SH  0     Dex 12      Spells:  0 memorised,  1 level left

rFire  + . .     SeeInvis .     a - +1 spear
rCold  + . .     Clarity  .     s - +0 ring mail {rF+}
rNeg   . . .     Conserve .     (no shield)
rPois  .         rCorr    .     (no helmet)
rElec  .         rRot     .     (no cloak)
SustAb . .       Spirit   .     (no gloves)
rMut   .         Warding  .     j - +0 pair of boots
Saprov . . .     Stasis   .     (no amulet)
MR     .....                    (no ring)
                                i - ring of protection from cold {unknown}

@: not resistant to hostile enchantments, extremely unstealthy
A: powered by pain 1
a: Depart the Abyss, Renounce Religion


You were on level 2 of the Dungeon.
You worshipped Lugonu.
Lugonu was aware of your devotion.
You were not hungry.

You visited 1 branch of the dungeon, and saw 2 of its levels.
You visited the Abyss 1 time.

You collected 31 gold pieces.

Inventory:

Hand weapons
 a - a +1,+1 spear (weapon)
Missiles
 g - 8 bolts of frost
 o - 13 darts (quivered)
Armour
 b - a +0 leather armour
 j - a +0 pair of boots (worn)
 s - a +0 ring mail of fire resistance (worn)
Comestibles
 c - 2 bread rations
 p - a rotting chunk of bat flesh
Scrolls
 e - a scroll of fog {unknown}
 m - a scroll of magic mapping {unknown}
 n - a scroll of random uselessness {unknown}
Jewellery
 i - a ring of protection from cold (left hand) {unknown}
Potions
 d - 2 potions of flight {unknown}
 f - a potion of cure mutation {unknown}
 h - 2 potions of curing {unknown}
 k - 2 potions of restore abilities {unknown}
 q - 2 potions of lignification {unknown}
 r - a potion of resistance {unknown}


   Skills:
 - Level 3.0 Fighting
 * Level 2.6 Polearms
 - Level 1.7 Armour
 - Level 0.8 Dodging
 * Level 3.2 Invocations


You had one spell level left.
You didn't know any spells.

Dungeon Overview and Level Annotations

Branches:
Dungeon (2/15)

Altars:


Innate Abilities, Weirdness & Mutations

You sometimes gain a little power by taking damage.


Message History

* * * LOW HITPOINT WARNING * * *
The hobgoblin misses you. The adder barely misses you.
The bat barely misses you. The bat closely misses you.
The adder bites you but does no damage.
You see here a short sword.
The adder bites you but does no damage.
You hit the adder but do no damage. The adder bites you.
* * * LOW HITPOINT WARNING * * *
You closely miss the adder. The adder closely misses you.
You hit the adder.
The adder is severely wounded.
The adder bites you but does no damage.
You barely miss the adder.
The adder is severely wounded.
The adder bites you but does no damage. The adder closely misses you.
You miss the adder.
The adder is severely wounded.
The adder bites you.
You die...

.. .. #+# #### ... ###.#
###.P##...
###########...#######.)...#...
#<....♣.♣.♣.♣@Sbg.....♣♣....♣.
#####....%....##......♣♣.♣....
##♣#♣#♣#♣.#.P.♣..PP♣♣.P.♣.
########.#...♣♣.....P#.#.
#.#.♣♣♣P.....##.♣.
#...P.P..##### #. #.##...P.#
#.###....#### #.............


You could see an adder, a hobgoblin and a bat.

Vanquished Creatures
  A giant cockroach (D:1)
  3 hobgoblins
  A ball python (D:2)
  6 bats (D:1)
  3 giant newts
  7 goblins
  2 kobolds
  2 rats (D:1)
25 creatures vanquished.

Notes
Turn   | Place    | Note
--------------------------------------------------------------
     0 | Abyss:1  | Quh, the Demonspawn Abyssal Knight, began the quest for the Orb.
     0 | Abyss:1  | Reached XP level 1. HP: 18/18 MP: 1/1
    65 | Abyss:1  | Noticed a neqoxec
    66 | D:1      | Escaped the Abyss
   259 | D:1      | Acquired Lugonu's first power
   508 | D:1      | Gained mutation: You sometimes gain a little power by taking damage. [demonic ancestry]
   508 | D:1      | Reached XP level 2. HP: 24/24 MP: 2/2
  1071 | D:2      | Slain by an adder

Action                   || total
-------------------------++-------
Melee: Spear             ||    93
Invok: Depart the Abyss  ||     1
